Map: Catalyst LE

Players

HeRoMaRinE - Winner!

  • Race: Terran Terran
  • League: Master
  • Spawn Location: 11:00

DeMusliM

  • Race: Terran Terran
  • League: Master
  • Spawn Location: 5:00

Event: HomeStory Cup XVII

VOD

Have the link to the VOD?

Description

Time

  • Played on: June 29, 2018, 10:30 a.m.
  • Length: 16:19

All games in this series

Show
View Real Time Build Order
Export as new Build Order

HeRoMaRinE Terran - Winner!

Build Orders: Cyclone Opening, Bio Tank 

Get SALT Encoding   

  12  0:00  SCV  
  13  0:12  SCV  
  14  0:20  Supply Depot  
  14  0:25  SCV  
  14  0:27  Refinery  
  15  0:42  SCV  
  16  0:45  Barracks  
  16  0:54  SCV  
  16  0:56  Refinery  
  17  1:06  SCV  
  18  1:18  SCV  
  19  1:32  Orbital Command  
  19  1:33  Factory  
  19  1:37  Reaper  
  20  1:53  Supply Depot  
  20  1:57  SCV  
  21  2:09  Reaper, SCV  
  23  2:18  Hellion  
  23  2:21  SCV  
  26  2:31  Command Center  
  26  2:34  SCV  
  27  2:39  Cyclone  
  30  2:47  Starport  
  31  2:55  Supply Depot  
  31  2:56  SCV  
  30  3:06  Barracks Reactor  
  30  3:08  SCV  
  30  3:16  Cyclone  
  33  3:20  SCV  
  34  3:32  SCV  
  34  3:33  Starport Tech Lab  
  33  3:36  Viking  
  35  3:43  Orbital Command  
  35  3:44  SCV  
  35  3:45  Marine x2  
  38  3:56  Cyclone, SCV  
  42  4:03  Marine x2  
  42  4:09  SCV  
  42  4:19  Supply Depot  
  42  4:20  SCV  
  42  4:21  SCV  
  46  4:33  Engineering Bay  
  46  4:34  Starport Tech Lab  
  44  4:41  Cyclone  
  44  4:42  SCV  
  46  4:52  Supply Depot, Marine x2, SCV  
  49  4:54  Raven, SCV  
  49  4:58  Missile Turret  
  52  5:04  SCV  
  52  5:06  SCV  
  53  5:10  Marine  
  53  5:13  Marine  
  55  5:15  Factory Tech Lab  
  55  5:16  SCV  
  55  5:19  SCV  
  55  5:21  Supply Depot  
  58  5:28  SCV  
  58  5:31  SCV  
  58  5:32  Command Center  
  59  5:40  SCV  
  59  5:43  SCV  
  59  5:47  Marine  
  59  5:49  Stimpack  
  60  5:52  SCV  
  60  5:55  SCV  
  59  5:58  Engineering Bay  
  56  6:04  SCV  
  56  6:05  Marine  
  56  6:07  SCV  
  59  6:17  SCV  
  58  6:19  SCV, Starport Reactor, Siege Tank  
  58  6:21  Barracks  
  58  6:23  Barracks  
  58  6:25  Barracks x2  
  62  6:27  Refinery  
  62  6:28  Refinery  
  62  6:29  SCV  
  63  6:34  Terran Infantry Armor Level 1, Terran Infantry Weapons Level 1  
  63  6:35  Marine  
  63  6:37  SCV  
  65  6:41  SCV  
  65  6:44  Orbital Command  
  66  6:49  SCV  
  66  6:54  SCV  
  68  6:57  Siege Tank  
  68  7:00  Missile Turret  
  72  7:01  SCV  
  72  7:03  Supply Depot  
  72  7:05  Supply Depot  
  72  7:08  Starport Reactor, SCV  
  73  7:13  SCV  
  74  7:15  Barracks Reactor x2  
  74  7:16  Marine x3  
  74  7:18  Orbital Command  
  74  7:20  SCV  
  74  7:22  Marine x2  
  80  7:25  SCV  
  80  7:29  Siege Tank  
  84  7:32  SCV  
  84  7:33  Marine  
  84  7:34  Marine x2  
  86  7:37  SCV  
  86  7:40  Marine  
  88  7:44  SCV  
  88  7:47  SCV  
  88  7:49  SCV  
  88  7:50  Supply Depot  
  91  7:51  Marine x3  
  91  7:52  Supply Depot  
  91  7:53  Medivac x2  
  91  7:56  SCV  
  98  7:58  Supply Depot x2  
  98  7:59  SCV  
  98  8:01  Marine, SCV  
  98  8:02  Marine  
  99  8:08  Refinery x2, SCV  
  99  8:11  Marine x3  
  99  8:12  Siege Tank, SCV  
  107  8:14  SCV  
  107  8:15  Supply Depot, Marine x2  
  107  8:19  Marine  
  110  8:20  Marine x2, SCV  
  110  8:22  Marine  
  110  8:24  SCV  
  113  8:27  Combat Shields  
  113  8:31  Medivac x2  
  117  8:34  Supply Depot, Marine x2  
  117  8:35  Supply Depot  
  117  8:40  Sensor Tower, Marine x3  
  121  8:42  Marine x4  
  121  8:45  Siege Tank  
  128  8:52  Marine x2  
  129  8:58  Marine x3  
  129  9:00  Marine x2  
  129  9:02  Marine x2  
  136  9:03  Armory  
  136  9:04  Factory  
  136  9:10  Marine x2  
  136  9:16  Marine x3  
  140  9:17  Marine  
  140  9:20  Marine  
  140  9:21  Marine x2  
  144  9:28  Medivac, Marine x2, Siege Tank  
  144  9:29  Medivac  
  153  9:31  Supply Depot  
  153  9:32  Supply Depot  
  153  9:33  Supply Depot  
  153  9:34  Marine x2  
  153  9:36  Marine x2  
  157  9:48  Command Center  
  157  9:50  SCV  
  157  9:53  SCV  
  157  9:55  Marine x4  
  157  9:58  Medivac x2  
  166  10:01  Marine x2  
  166  10:02  Marine x2  
  166  10:06  Siege Tank  
  170  10:07  Barracks Reactor  
  170  10:08  Supply Depot  
  170  10:09  Supply Depot  
  170  10:11  Siege Tank  
  170  10:13  Marine x2  
  174  10:16  Marine x2  
  175  10:25  Marine x3  
  175  10:26  Terran Infantry Armor Level 2, Terran Infantry Weapons Level 2  
  175  10:27  Terran Vehicle Weapons Level 1  
  176  10:30  Marine  
  176  10:31  Marine x2  
  176  10:34  Marine x2  
  181  10:38  Medivac x2  
  181  10:40  Siege Tank  
  188  10:43  Marine x2  
  188  10:44  Marine x2  
  188  10:48  Marine x3  
  195  10:58  Marine x2  
  197  11:09  Barracks x2  
  197  11:10  Barracks  
  196  11:19  Marine  
  196  11:20  Marine x3, Siege Tank  
  196  11:24  Marine x6  
  196  11:25  Siege Tank  
  168  11:29  Planetary Fortress  
  162  11:35  Medivac x2  
  162  11:37  Marine x2  
  162  11:38  Marine x2  
  168  11:42  Marine x3  
  168  11:44  Marine x3  
  173  11:53  Siege Tank  
  176  11:55  Marine x3  
  176  11:56  Marine  
  176  11:57  Siege Tank  
  176  12:01  Marine x2  
  171  12:02  Marine x3  
  171  12:03  Marine  
  171  12:04  Barracks Reactor  
  171  12:06  Barracks Reactor x2  
  160  12:12  Liberator x2  
  160  12:13  Marine x4  
  168  12:19  Marine x3  
  168  12:20  Marine  
  168  12:21  Sensor Tower  
  170  12:30  Siege Tank x2  
  170  12:32  Marine  
  170  12:33  Marine x2  
  179  12:39  Marine x3  
  179  12:40  Marine x5  
  179  12:42  Marine  
  179  12:43  Marine  
  179  12:44  Marine  
  186  12:52  Marine x3  
  186  12:57  Marine x3  
  185  13:02  Siege Tank  
  188  13:09  Siege Tank  
  188  13:10  Marine  
  192  13:17  Marine x2  
  192  13:19  Marine x6  
  200  13:44  Terran Vehicle Weapons Level 2  
  195  13:57  Marine x5  
  200  14:08  Marine x3  
  173  14:13  Marine x3  
  173  14:14  Marine x3  
  173  14:15  Siege Tank x2  
  185  14:21  Marine x3  
  185  14:22  Marine x2  
  185  14:23  Marine  
  182  14:25  Marine  
  182  14:26  Marine  
  182  14:28  Marine x2  
  181  14:34  Marine x4  
  181  14:35  Marine  
  181  14:36  Marine  
  181  14:37  SCV x2  
  181  14:38  Marine, SCV x2  
  170  14:40  Marine x2  
  170  14:42  Marine x2  
  170  14:44  Marine  
  168  14:46  Marine x2  
  168  14:50  Marine x2  
  168  14:52  Marine  
  168  15:01  Marine x7  
  168  15:02  Siege Tank  
  168  15:03  Medivac x2, Siege Tank  
  168  15:05  Marine x6  
  191  15:08  Marine x2  
  191  15:09  SCV  
  191  15:10  Marine  
  195  15:18  Marine  
  195  15:19  Marine x4  
  195  15:20  Marine x2  
  181  15:22  Marine  
  181  15:23  Marine x4  
  181  15:24  Marine  
  181  15:26  Marine x2  
  181  15:29  Marine  
  182  15:36  Marine  
  182  15:37  Marine  
  184  15:43  Command Center  
  178  15:56  Marine x6  
  184  15:57  Marine  
Show
View Real Time Build Order
Export as new Build Order

DeMusliM Terran 

Build Orders: 1/1/1, Cyclone Opening, Bio Tank 

Get SALT Encoding   

  12  0:00  SCV  
  13  0:12  SCV  
  14  0:20  Supply Depot  
  14  0:25  SCV  
  15  0:29  Refinery  
  15  0:42  SCV  
  16  0:45  Barracks  
  16  0:54  SCV  
  16  0:55  Refinery  
  17  1:06  SCV  
  18  1:18  SCV  
  19  1:32  Factory  
  19  1:33  Orbital Command  
  19  1:36  Reaper  
  20  1:51  Supply Depot  
  20  1:59  SCV  
  21  2:08  Reaper  
  25  2:15  Cyclone  
  25  2:18  SCV  
  25  2:22  Starport  
  26  2:29  Supply Depot  
  26  2:31  SCV  
  27  2:43  SCV  
  28  2:54  Cyclone  
  28  2:55  SCV  
  28  2:58  Medivac  
  34  3:03  Barracks Tech Lab  
  34  3:07  SCV  
  34  3:08  Supply Depot  
  35  3:19  SCV  
  35  3:32  SCV  
  36  3:34  Cloaking Field  
  36  3:36  Hellion  
  36  3:38  Banshee  
  41  3:44  SCV  
  42  3:59  Command Center  
  42  4:09  SCV  
  43  4:21  Banshee, SCV  
  43  4:22  Supply Depot  
  47  4:28  Barracks Reactor  
  47  4:31  Supply Depot  
  47  4:37  Factory Tech Lab  
  47  4:39  SCV  
  47  4:51  SCV  
  48  4:58  Siege Tank  
  51  5:03  SCV  
  52  5:08  Command Center  
  52  5:15  SCV  
  53  5:22  Orbital Command  
  53  5:24  Barracks  
  53  5:27  Starport Reactor, SCV  
  54  5:30  Stimpack  
  54  5:37  Barracks  
  54  5:39  SCV  
  55  5:51  SCV  
  52  5:59  SCV  
  52  6:03  SCV  
  52  6:06  Marine  
  53  6:11  SCV  
  53  6:17  Marine  
  50  6:20  Orbital Command, SCV  
  50  6:23  Siege Tank  
  50  6:24  Marine  
  50  6:25  Engineering Bay  
  55  6:26  Engineering Bay  
  55  6:28  SCV  
  55  6:30  Starport Reactor  
  55  6:31  Refinery  
  55  6:32  Marine x2  
  58  6:33  Refinery  
  58  6:34  SCV  
  58  6:39  Marine  
  59  6:40  Marine, SCV  
  59  6:41  Marine  
  59  6:46  SCV  
  59  6:47  SCV, Barracks x2  
  64  6:52  SCV  
  66  6:55  Terran Infantry Weapons Level 1  
  66  6:57  Terran Infantry Armor Level 1  
  66  6:58  SCV  
  66  6:59  Marine x2, SCV  
  70  7:04  SCV  
  70  7:05  Marine x2  
  70  7:07  Medivac  
  75  7:09  Medivac  
  75  7:10  SCV  
  75  7:14  SCV  
  79  7:16  Marine, SCV  
  79  7:21  Supply Depot  
  79  7:22  Supply Depot, SCV  
  82  7:26  Siege Tank, SCV  
  86  7:30  Combat Shields  
  86  7:31  Marine x2  
  86  7:33  Marine x2  
  86  7:34  Barracks Reactor x2  
  90  7:38  SCV  
  90  7:39  Supply Depot  
  90  7:43  Supply Depot, SCV  
  90  7:44  Marine, SCV  
  93  7:45  Medivac  
  93  7:48  Marine  
  97  7:54  SCV  
  97  7:56  Armory  
  98  7:58  Marine x2  
  98  7:59  Marine  
  98  8:00  Medivac  
  98  8:04  Supply Depot x2, Marine  
  98  8:05  Supply Depot  
  101  8:06  Marine  
  102  8:13  Refinery, SCV x2  
  102  8:14  Marine x2  
  102  8:15  Refinery  
  102  8:16  Marine x2  
  108  8:22  Marine x3  
  108  8:26  Medivac, Siege Tank  
  116  8:27  SCV x2  
  116  8:31  SCV  
  119  8:34  Marine  
  119  8:37  Marine  
  119  8:39  SCV x2  
  119  8:40  Marine x2  
  119  8:41  Marine x3  
  127  8:43  Marine x2, SCV  
  127  8:47  Terran Vehicle Weapons Level 1  
  131  8:54  Marine, Terran Infantry Weapons Level 2  
  131  8:55  Terran Infantry Armor Level 2  
  129  9:04  Marine x4  
  129  9:05  Marine x2  
  129  9:07  Siege Tank  
  138  9:11  Marine  
  139  9:21  Marine x2  
  136  9:26  Marine x3  
  136  9:29  Marine x3  
  136  9:30  Marine  
  143  9:39  Marine x2, Siege Tank  
  143  9:43  Marine  
  143  9:45  Supply Depot  
  149  9:46  Supply Depot, Marine x2  
  149  9:47  Marine x4  
  151  9:57  Supply Depot, Marine x2  
  153  10:01  Supply Depot, Marine  
  153  10:03  Marine x2  
  153  10:04  Medivac x2  
  153  10:06  Marine x4  
  161  10:11  Siege Tank  
  164  10:14  Supply Depot, Marine x2  
  164  10:16  Supply Depot  
  164  10:19  Marine  
  165  10:21  Marine x2  
  165  10:24  Marine x2  
  169  10:28  Command Center  
  169  10:34  Medivac x2  
  173  10:35  Marine  
  173  10:36  Marine  
  173  10:42  Marine x2  
  177  10:44  Terran Vehicle Weapons Level 2  
  175  10:55  Marine  
  175  10:56  Marine x4  
  180  10:57  Siege Tank  
  183  11:04  Marine  
  183  11:06  Marine x3  
  187  11:13  Terran Infantry Weapons Level 3, Marine x4, Terran Infantry Armor Level 3  
  187  11:14  Marine  
  189  11:22  Marine  
  189  11:24  Marine x3  
  160  11:31  Marine x3  
  160  11:32  Marine x2  
  156  11:33  Medivac x2, Siege Tank  
  163  11:40  Marine  
  163  11:41  Marine  
  163  11:42  Marine x2  
  167  11:49  Marine x3  
  167  11:53  Marine  
  167  11:54  Marine  
  172  11:57  Marine  
  172  11:59  Marine x2  
  172  12:00  Marine  
  157  12:05  Siege Tank  
  157  12:07  Marine x3  
  144  12:11  Marine x2  
  144  12:12  Viking  
  148  12:15  Marine  
  148  12:17  Marine x3  
  152  12:24  Marine  
  152  12:25  Marine x2  
  152  12:29  Marine x2  
  157  12:33  Marine  
  157  12:34  Planetary Fortress  
  157  12:35  Marine x3  
  161  12:42  Marine x2  
  161  12:43  Marine  
  164  12:47  Marine x2  
  164  12:51  Marine  
  166  12:53  Marine x3  
  159  12:59  Medivac x2  
  159  13:00  Marine x3  
  159  13:05  Marine x2  
  168  13:09  Marine  
  168  13:10  Marine  
  168  13:11  Marine x2  
  172  13:13  Terran Vehicle Weapons Level 3  
  172  13:16  Siege Tank  
  172  13:18  Marine x3  
  178  13:22  Marine  
  178  13:23  Marine  
  178  13:27  Marine  
  178  13:28  Marine  
  178  13:29  Medivac x2, Marine x2  
  186  13:36  Marine x3  
  186  13:40  Marine x2  
  191  13:44  Marine  
  191  13:46  Marine x3  
  195  13:53  Marine  
  195  13:54  Marine x2  
  195  13:55  Siege Tank  
  185  13:58  Marine x2  
  185  13:59  Viking x2  
  185  14:02  Marine  
  192  14:04  Marine x2  
  192  14:08  Marine  
  168  14:11  Marine  
  168  14:12  Marine x2  
  168  14:16  Marine x2  
  158  14:20  Marine  
  158  14:22  Marine x2  
  159  14:26  Marine  
  159  14:29  Marine x3  
  150  14:34  Marine x2  
  150  14:37  Medivac x2  
  150  14:38  Marine  
  148  14:40  Marine x2  
  148  14:44  Marine  
  145  14:47  Marine x3  
  145  14:48  Siege Tank  
  145  14:51  Marine  
  145  14:52  Marine  
  141  14:56  Marine  
  141  14:57  Marine  
  141  14:58  Marine  
  139  15:01  Barracks  
  139  15:02  Marine, Barracks  
  139  15:05  Marine x3, Barracks  
  141  15:07  Medivac x2  
  141  15:09  Marine x2  
  141  15:13  Marine  
  147  15:15  Marine x2  
  147  15:19  Marine  
  147  15:20  Siege Tank  
  142  15:22  Marine  
  142  15:23  Marine x2  
  142  15:27  Marine x2  
  139  15:31  Marine  
  139  15:33  Marine x2  
  137  15:37  Medivac x2, Marine  
  137  15:40  Marine  
  137  15:41  Marine x2  
  140  15:46  Marine x2  
  140  15:49  Marine  
  141  15:51  Marine x2  
  141  15:55  Marine  
  126  15:58  Marine x2  
  126  15:59  Marine  
Tags
 
Add a new tag
Caveats
  • Supply blocks, unpowered buildings, or Contaminate may cause inaccurate times.
  • Supply counts are checked every 10 seconds.